 Dungeon Crawl Stone Soup version 0.27-a0-1513-g2aaa0cc67b (webtiles) character file.

Game seed: 14474830327575216052

11571 Demosthentine the Spear-Bearer (level 11, -14/90 HPs)
             Began as a Merfolk Gladiator on July 9, 2021.
             Was a Priest of the Shining One.
             Demolished by a boulder beetle (48 damage)
             ... on level 11 of the Dungeon.
             The game lasted 00:10:53 (11567 turns).

Demosthentine the Spear-Bearer (Merfolk Gladiator) Turns: 11567, Time: 00:10:54

Health: -14/90     AC: 13    Str: 21    XL:     11   Next: 79%
Magic:  14/14      EV: 19    Int: 13    God:    the Shining One [***...]
Gold:   762        SH: 10    Dex: 17    Spells: 10/10 levels left

rFire    . . .     SeeInvis +   a - +1 trident (elec)
rCold    . . .     Faith    .   x - +0 buckler
rNeg     + + .     Spirit   .   b - +0 leather armour
rPois    .         Reflect  +   c - +0 helmet
rElec    .         Harm     .   B - +0 cloak
rCorr    .         Rampage  .   l - +1 pair of gloves
Will     .....                  j - +4 pair of boots of the Aged Blessings {rN+ Str+4}
Stlth    +.........             h - amulet of reflection
HPRegen  0.25/turn              n - +6 ring of intelligence
MPRegen  0.14/turn              u - ring of see invisible

@: about to teleport, glowing, studying 2 skills
A: (nimble swimmer 2), mertail
a: Renounce Religion, Divine Shield


You were on level 11 of the Dungeon.
You worshipped the Shining One.
The Shining One was most pleased with you.
You visited 2 branches of the dungeon, and saw 12 of its levels.
You also visited: Ossuary.

You collected 841 gold pieces.
You donated 79 gold pieces to Zin.

Inventory:

Hand Weapons
 a - a +1 trident of electrocution (weapon)
 m - the +8 war axe "Widowmaker" {vorpal, rElec rF- rC+}
   (You found it on level 5 of the Dungeon)

   It inflicts extra damage upon your enemies.
   rF:        It makes you vulnerable to fire.
   rC:        It protects you from cold.
   rElec:     It insulates you from electricity.
Missiles
 d - 3 throwing nets (quivered)
Armour
 b - a +0 leather armour (worn)
 c - a +0 helmet (worn)
 j - the +4 pair of boots of the Aged Blessings (worn) {rN+ Str+4}
   (You acquired it on level 4 of the Dungeon)

   Str:       It affects your strength (+4).
   rN:        It protects you from negative energy.
 l - a +1 pair of gloves (worn)
 x - a +0 buckler (worn)
 B - a +0 cloak (worn)
Jewellery
 h - an amulet of reflection (around neck)
 n - a +6 ring of intelligence (left hand)
 o - a ring of flight
 u - a ring of see invisible (right hand)
 y - a +6 ring of strength
 G - an amulet of magic regeneration
Wands
 t - a wand of flame (31)
 A - a wand of iceblast (18)
 D - a wand of mindburst (11)
 F - a wand of digging (3)
Scrolls
 e - 5 scrolls of immolation
 p - a scroll of holy word
 s - a scroll of fear
 v - 2 scrolls of teleportation
 w - 2 scrolls of enchant armour
 z - a scroll of identify
 C - 2 scrolls of enchant weapon
Potions
 f - 5 potions of curing
 g - 2 potions of heal wounds
 i - a potion of berserk rage
 k - a potion of haste
 q - 2 potions of lignification
 r - a potion of ambrosia
 E - a potion of resistance
 H - a potion of flight {unknown}


   Skills:
 + Level 10.1 Fighting
 + Level 13.2 Polearms
 - Level 2.0 Throwing
 - Level 6.0 Armour
 + Level 12.1 Dodging
 - Level 4.0 Shields
 + Level 4.2 Invocations


You had 10 spell levels left.
You didn't know any spells.
Your spell library contained the following spells:

 Spells                   Type           Power      Damage    Failure   Level
 Corona                   Hex            0%         N/A       34%         1
 Summon Small Mammal      Summ           0%         N/A       34%         1
 Ensorcelled Hibernation  Hex/Ice        0%         N/A       47%         2
 Call Canine Familiar     Summ           0%         N/A       71%         3
 Summon Guardian Golem    Hex/Summ       0%         N/A       71%         3
 Tukima's Dance           Hex            0%         N/A       71%         3
 Fulminant Prism          Conj/Hex       0%         3d6       98%         4
 Iskenderun's Mystic Bla  Conj/Tloc      0%         2d3       98%         4
 Lee's Rapid Deconstruct  Erth           0%         3d5*      100%        5
 Dispersal                Tloc           0%         N/A       100%        6
 Disjunction              Tloc           0%         N/A       100%        8


Dungeon Overview and Level Annotations

Branches:
Dungeon (11/15)            Temple (1/1) D:7             Orc (0/2) D:9
Ossuary (visited)
   Lair: D:8-11

Altars:
Ashenzari
Cheibriados
Dithmenos
Elyvilon
Fedhas
Gozag
Hepliaklqana
Kikubaaqudgha
Makhleb
Nemelex Xobeh
Okawaru
Qazlal
Ru
Sif Muna
Trog
Uskayaw
Vehumet
Wu Jian
Xom
Yredelemnul
Zin
The Shining One

Shops:
D:11 [


Innate Abilities, Weirdness & Mutations

((You are quick and stealthy near water. (Stealth+, EV+, Speed+++)))
Your lower body shifts to a powerful aquatic tail in water.


Message History

The boulder beetle is heavily wounded.
You hit the boulder beetle.
Lightning courses through the boulder beetle!
The boulder beetle is almost dead.
The boulder beetle leaps!
The boulder beetle curls into a ball and begins rolling!
You hit the boulder beetle.
The boulder beetle is almost dead.
The boulder beetle hits you!!!
* * * LOW HITPOINT WARNING * * *
The boulder beetle stops rolling and uncurls.
You are too injured to fight recklessly!
You are too injured to fight recklessly!
Throw: 4 throwing nets
Press: ? - help, Q - select action, (/) - cycle Shift-Dir - straight line, f - boulder beetle
Aim: a boulder beetle (almost dead, haloed, 97% to hit)
You throw a throwing net.
The throwing net hits the boulder beetle.
The boulder beetle is caught in the net!
The boulder beetle is almost dead.
The boulder beetle struggles against the net.
You hit the boulder beetle but do no damage.
The boulder beetle is severely wounded.
The boulder beetle struggles against the net.
You completely miss the boulder beetle.
The boulder beetle is severely wounded.
You hit the boulder beetle.
Lightning courses through the boulder beetle!
The boulder beetle is almost dead.
The boulder beetle leaps!
You feel much better.
The boulder beetle curls into a ball and begins rolling!
As you read the scroll of teleportation, it crumbles to dust.
You feel strangely unstable.
You see here 19 sling bullets.
You hit the boulder beetle.
The boulder beetle is almost dead.
The boulder beetle hits you!!!
Ouch! That really hurt!
You die...

........##..##.........
........######.........
..
######..#####..........
... #.#.#.##.....#....
.... #.##.###..........
.○..# #.####
#..###.###. ○°B# #.#
##..##### #. #..# #.#
#......##### #..## #@#
##.......### #(.###B#
#..##.##... ##..##°#
########.## ##.○°.#
#### ##..## ####


You could see a boulder beetle (rolling).

Vanquished Creatures
  Harold (D:8)
  3 two-headed ogres
  An unseen horror (D:10)
  A komodo dragon (D:11)
  A troll (D:9)
  Grinder (D:6)
  2 vampires
  16 yaks
  Eustachio (D:3)
  A wyvern (D:9)
  A steam dragon (D:8)
  3 acid dragons
  3 ice beasts
  2 orc warriors
  2 black bears (D:5)
  A sky beast (D:8)
  2 necrophages
  The ghost of pablusdiablus the Protected, an amateur GnWn of Gozag (D:3)
  2 ogres
  4 centaurs
  A phantom (D:6)
  Blork the orc (D:5)
  An elf zombie (Ossuary)
  4 bullfrogs
  2 scorpions
  2 water moccasin skeletons
  5 wights (D:8)
  5 killer bees (D:10)
  3 howler monkeys (D:7)
  4 centaur zombies
  4 jellies
  4 hounds
  A gnoll shaman (D:9)
  2 centaur skeletons
  3 orc priests
  2 bullfrog skeletons
  A human zombie (Ossuary)
  5 iguanas
  7 orc wizards
  A killer bee zombie (D:6)
  2 mummies (Ossuary)
  2 howler monkey zombies (D:5)
  3 gnolls (D:9)
  2 howler monkey skeletons
  9 adders
  A white imp (D:5)
  An adder skeleton (D:4)
  6 worms
  19 orcs
  3 ball pythons
  8 bats
  5 endoplasms
  3 giant cockroaches
  A gnoll zombie (Ossuary)
  7 hobgoblins
  10 jackals
  5 quokkas
  6 goblins
  4 goblin zombies
  5 hobgoblin zombies (Ossuary)
  11 kobolds
  3 orc zombies (Ossuary)
  7 rats
230 creatures vanquished.

Notes
Turn   | Place    | Note
-------+----------+-------------------------------------------
     0 | D:1      | Demosthentine the Merfolk Gladiator began the quest for the
                  | Orb.
     0 | D:1      | Reached XP level 1. HP: 16/16 MP: 1/1
   233 | D:1      | Reached XP level 2. HP: 15/23 MP: 2/2
  1036 | D:2      | Reached XP level 3. HP: 28/28 MP: 3/3
  1318 | D:2      | Reached skill level 5 in Polearms
  1552 | D:2      | Reached skill level 1 in Armour
  1572 | D:2      | Found an ornate altar of the Wu Jian Council.
  1801 | D:2      | Reached XP level 4. HP: 34/34 MP: 4/4
  1890 | D:3      | Found a runed translucent door.
  1890 | D:3      | Noticed pablusdiablus's ghost (amateur GnWn)
  2483 | D:3      | Killed pablusdiablus's ghost
  2484 | D:3      | Reached skill level 5 in Dodging
  2484 | D:3      | Reached XP level 5. HP: 26/41 MP: 5/5
  2632 | D:4      | Noticed Eustachio
  2647 | D:4      | HP: 2/41 [white imp[Eustachio] (2)]
  3216 | D:3      | Killed Eustachio
  3217 | D:3      | Reached skill level 6 in Polearms
  3217 | D:3      | Reached XP level 6. HP: 29/48 MP: 6/6
  3339 | D:4      | Identified the +0 robe "Juumuetifu" {SInv}
  3703 | D:4      | Reached XP level 7. HP: 36/55 MP: 7/7
  3706 | D:4      | Reached skill level 7 in Polearms
  4336 | D:4      | Reached skill level 5 in Fighting
  4476 | D:4      | Identified a scroll of acquirement
  4476 | D:4      | Acquired the +4 pair of boots of the Aged Blessings {rN+
                  | Str+4}
  4509 | D:5      | Entered Level 5 of the Dungeon
  4540 | D:5      | Identified the +8 war axe "Widowmaker" {vorpal, rElec rF-
                  | rC+}
  4559 | D:5      | Reached XP level 8. HP: 62/62 MP: 8/8
  4766 | D:5      | Reached skill level 8 in Polearms
  5300 | D:5      | Found a hide-covered altar of Uskayaw.
  5357 | D:5      | Noticed Blork the orc
  5363 | D:5      | Killed Blork the orc
  5737 | D:6      | Reached skill level 9 in Polearms
  5983 | D:6      | Noticed Grinder
  5993 | D:6      | Killed Grinder
  5994 | D:6      | Reached XP level 9. HP: 60/71 MP: 9/9
  6277 | D:6      | Found an ancient bone altar of Kikubaaqudgha.
  6278 | D:6      | Found a blossoming altar of Fedhas.
  6338 | D:6      | Reached skill level 1 in Shields
  7111 | D:7      | Found a staircase to the Ecumenical Temple.
  7208 | D:7      | Reached skill level 10 in Polearms
  7270 | Temple   | Entered the Ecumenical Temple
  7459 | Temple   | Became a worshipper of Zin the Law-Giver
  7459 | Temple   | Reached * piety under Zin
  7659 | D:7      | Reached ** piety under Zin
  7996 | D:8      | Found a sand-covered staircase.
  8006 | Ossuary  | Entered an ossuary
  8054 | Ossuary  | Reached XP level 10. HP: 79/79 MP: 10/10
  8092 | Ossuary  | Reached *** piety under Zin
  8106 | Ossuary  | Reached **** piety under Zin
  8120 | Ossuary  | Reached ***** piety under Zin
  8172 | D:8      | Reached skill level 5 in Armour
  8354 | D:8      | Noticed Harold
  8373 | D:8      | Killed Harold
  8374 | D:8      | Reached skill level 10 in Dodging
  8508 | D:8      | Noticed a two-headed ogre
  8519 | D:8      | Killed a two-headed ogre
  8520 | D:8      | Reached skill level 11 in Polearms
  9182 | D:9      | Found a radiant altar of Vehumet.
  9196 | D:9      | Found a white marble altar of Elyvilon.
  9296 | D:9      | Reached skill level 12 in Polearms
  9296 | D:9      | Reached XP level 11. HP: 67/87 MP: 11/11
  9630 | D:9      | Found a staircase to the Orcish Mines.
  9708 | D:10     | Entered Level 10 of the Dungeon
  9761 | D:10     | Reached skill level 1 in Invocations
  9907 | D:10     | Noticed a two-headed ogre
  9917 | D:10     | Killed a two-headed ogre
 10474 | D:10     | Found a glowing golden altar of the Shining One.
 10474 | D:10     | Found a shimmering altar of Xom.
 10482 | D:10     | Found a sparkling altar of Nemelex Xobeh.
 10484 | D:10     | Found a burning altar of Makhleb.
 10486 | D:10     | Found an ornate altar of the Wu Jian Council.
 10492 | D:10     | Fell from the grace of Zin
 10492 | D:10     | Became a worshipper of the Shining One
 10492 | D:10     | Reached * piety under the Shining One
 10492 | D:10     | Reached ** piety under the Shining One
 10492 | D:10     | Reached *** piety under the Shining One
 10696 | D:10     | Found the +8 demon trident "Rift" {distort, reach+}
 10881 | D:11     | Identified the +6 chain mail of the Blessed Realm {Harm
                  | Str+2 Stlth+}
 10914 | D:11     | Reached skill level 13 in Polearms
 11147 | D:11     | Noticed a two-headed ogre
 11156 | D:11     | Killed a two-headed ogre
 11157 | D:11     | Reached skill level 10 in Fighting
 11210 | D:11     | Found Bery's Armour Shoppe.
 11540 | D:11     | Noticed a boulder beetle
 11567 | D:11     | Demolished by a boulder beetle

Illustrated notes

Levels and vault maps discovered:
D:1:      mainiacjoe_arrival_reflecting_pool, layout_basic
D:2:      minmay_thinvault, layout_rooms, basic_altar,
          kennysheep_generic_room_11
D:3:      layout_rooms, hellmonk_ghost_happy_afterlife
D:4:      minmay_recursive_quarters, layout_layer_cave, minmay_manual_mares,
          uniq_eustachio
D:5:      wad_lake_hut, layout_basic, nicolae_uskayaw_murder_on_the_dancefloor,
          uniq_blork_the_orc
D:6:      layout_basic, grunt_temple_overflow_growth_and_decay, uniq_grinder
D:7:      layout_basic, minmay_temple_entry_slanted
D:8:      layout_basic, enter_ossuary_4, uniq_harold
D:9:      layout_roguey, minitemple, orc_0_dummy
D:10:     layout_basic, chequers_temple_overflow_minitemple
D:11:     layout_layer_cave, erik_lair_dragon, serial_shops,
          nicolae_shop_behind_doors
Temple:   minmay_temple_bridge_abc

Skill      XL: |  1  2  3  4  5  6  7  8  9 10 11 |
---------------+----------------------------------+-----
Polearms       | 5 6 7 9 10 12 13 | 13.2
Armour         | 1 2 3 4 5 6 |  6.0
Fighting       | 3 4 5 6 7 8 10 | 10.1
Dodging        | 5 6 8 9 10 12 | 12.1
Shields        | 3 4 |  4.0
Invocations    | 4 |  4.2
Throwing       | |  2.0

Action                   |  1- 3 |  4- 6 |  7- 9 | 10-12 || total
-------------------------+-------+-------+-------+-------++-------
Melee: Trident           |   143 |   189 |   404 |   382 ||  1118
Throw: Throwing net      |       |       |     2 |     1 ||     3
  Use: Scroll            |     3 |     8 |     9 |     4 ||    24
       Potion            |       |     4 |       |     1 ||     5
 Stab: Sleeping          |     6 |     5 |     4 |     1 ||    16
       Distracted        |       |     1 |     1 |       ||     2
       Held in net/web   |       |       |     5 |       ||     5
Armor: Leather armour    |    44 |    57 |    69 |    63 ||   233
Dodge: Dodged            |    70 |   142 |   189 |   135 ||   536
Block: Other             |       |    47 |    56 |    28 ||   131
       Reflection        |       |     2 |       |     3 ||     5
       Buckler           |       |       |       |    63 ||    63

Table legend: (Time is in decaauts)
 A = Elapsed time spent in this place.
 B = Non-inter-level travel time spent in this place.
 C = Inter-level travel time spent in this place.
 D = Time resting spent in this place.
 E = Time spent auto-exploring this place.
 F = Levels seen in this place.
 G = Mean time per level.
                   A        B        C        D        E       F      G
               +--------+--------+--------+--------+--------+-----+--------+
         Total |  11358 |  10987 |    371 |    675 |   8577 |  13 |  873.7 |
       Dungeon |  11069 |  10698 |    371 |    675 |   8377 |  11 | 1006.3 |
        Temple |    167 |    167 |      0 |      0 |    142 |   1 |  167.0 |
       Ossuary |    121 |    121 |      0 |      0 |     58 |   1 |  121.0 |
               +--------+--------+--------+--------+--------+-----+--------+

Top non-repeatable levels by time:
     D:3: 1351 daAuts
     D:4: 1296 daAuts
     D:2: 1170 daAuts
     D:5: 1153 daAuts
    D:10: 1112 daAuts
     D:7: 990 daAuts
     D:6: 960 daAuts
     D:8: 855 daAuts
     D:9: 777 daAuts
     D:1: 719 daAuts
    D:11: 682 daAuts
  Temple: 167 daAuts
 Ossuary: 121 daAuts
